 Dungeon Crawl Stone Soup version 0.21-a0-2-ge494091 (webtiles) character file.

3514 glosham the Transmogrifier (level 10, -17/79 HPs)
             Began as a Gnoll Abyssal Knight on May 21, 2017.
             Was an Elder of Lugonu.
             Demolished by a two-headed ogre
             ... wielding a +0 giant club
              (26 damage)
             ... on level 8 of the Dungeon.
             The game lasted 01:51:35 (5529 turns).

glosham the Transmogrifier (Gnoll Abyssal Knight)   Turns: 5529, Time: 01:51:36

Health: -17/79     AC:  5    Str: 11    XL:     10   Next: 8%
Magic:  22/22      EV: 19    Int: 17    God:    Lugonu [****..]
Gold:   456        SH:  0    Dex: 15    Spells: 6/25 levels left

rFire    . . .     SeeInvis .     - Unarmed
rCold    . . .     Gourm    .   (shield currently unavailable)
rNeg     . . .     Faith    .   X - +0 robe
rPois    .         Spirit   .   U - +0 helmet
rElec    .         Reflect  .   (no cloak)
rCorr    .         Harm     +   (gloves currently unavailable)
MR       .....                  W - +1 pair of boots
Stlth    ++++......             z - amulet of harm
Regen    0.7/turn               A - +3 ring of evasion
MPRegen  0.2/turn               B - ring of wizardry

@: blade hands
A: short attention span, claws 1, fangs 1, agile 1, regeneration 1, strong nose
a: End Transformation, Depart the Abyss, Bend Space, Banish, Corrupt, Renounce
Religion


You were on level 8 of the Dungeon.
You worshipped Lugonu.
Lugonu was greatly pleased with you.
You were not hungry.
You had blades for hands.
You visited 1 branch of the dungeon, and saw 8 of its levels.
You visited the Abyss 1 time.
You also visited: Sewer.

You collected 456 gold pieces.

Inventory:

Hand Weapons
 b - a +2 war axe of venom
 c - a +0 longbow of flaming
 v - a +2 hand axe of flaming
 D - a +2 halberd of flaming
 T - a +1 vampiric long sword
 Y - a +1 flail of draining
Missiles
 d - a throwing net
 f - 118 arrows
 k - 235 stones (quivered)
 l - 81 sling bullets
 n - 8 poisoned needles
 V - 22 bolts
Armour
 m - a +3 chain mail of cold resistance
 r - a +0 ring mail of positive energy
 y - a +0 leather armour of positive energy
 U - a +0 helmet (worn)
 W - a +1 pair of boots (worn)
 X - a +0 robe (worn)
Jewellery
 z - an amulet of harm (around neck)
 A - a +3 ring of evasion (left scythe-like blade)
 B - a ring of wizardry (right scythe-like blade)
 C - an uncursed ring of ice
 G - the brooch of Shielding {Reflect SH+8}
   (You found it on level 6 of the Dungeon)

   [amulet of reflection]

   It shields you and reflects attacks.
   It affects your SH (+8).
Wands
 e - a wand of acid (4/15)
 t - a wand of paralysis (0/24)
Scrolls
 i - 2 scrolls of immolation
 o - 4 scrolls of amnesia
 x - 3 scrolls of remove curse
 E - 4 scrolls of teleportation
 I - a scroll of magic mapping
 J - a scroll of fear
 N - a scroll of fog
Potions
 h - a potion of resistance {unknown}
 u - a potion of curing
 w - a potion of ambrosia {unknown}
 H - a potion of haste
 K - a potion of heal wounds
 O - a potion of mutation {!q}
 R - a potion of flight
 S - a potion of cancellation
Books
 L - a book of Changes

   Spells                             Type                      Level
   a - Beastly Appendage              Transmutation                1
   b - Sticks to Snakes               Transmutation                2
   c - Spider Form                    Transmutation/Poison         3
   d - Ice Form                       Ice/Transmutation            4
   e - Blade Hands                    Transmutation                5
 Q - a book of Necromancy

   Spells                             Type                      Level
   a - Pain                           Necromancy                   1
   b - Animate Skeleton               Necromancy                   1
   c - Vampiric Draining              Necromancy                   3
   d - Regeneration                   Charms/Necromancy            3
   e - Animate Dead                   Necromancy                   4
   f - Control Undead                 Necromancy                   4
Miscellaneous
 M - a lamp of fire
 P - a box of beasts
Comestibles
 a - 8 bread rations
 g - 4 royal jellies
 j - a meat ration
 p - 2 fruits
 q - 2 chunks of flesh


   Skills:
 - Level 7.0 Fighting
 - Level 3.2 Armour
 - Level 5.9 Dodging
 - Level 7.0 Stealth
 * Level 7.4 Unarmed Combat
 - Level 8.2 Spellcasting
 - Level 5.9 Charms
 - Level 6.0 Necromancy
 - Level 8.6 Transmutations
 - Level 4.0 Invocations
 - Level 1.6 Evocations


You had 6 spell levels left.
You knew the following spells:

 Your Spells              Type           Power        Failure   Level  Hunger
r - Regeneration          Chrm/Necr      ####......   10%         3    #......
v - Vampiric Draining     Necr           ####......   10%         3    #......
x - Blade Hands           Tmut           #####.....   17%         5    #####..
C - Ice Form              Ice/Tmut       ###.....     28%         4    ###....
U - Control Undead        Necr           ####......   19%         4    ###....


Dungeon Overview and Level Annotations

Branches:
Dungeon (8/15)             Temple (0/1) D:6
   Lair: D:8-11

Altars:
Ashenzari
Dithmenos
Hepliaklqana
Nemelex Xobeh
Qazlal
Wu Jian

Shops:
D:6 [


Innate Abilities, Weirdness & Mutations

You have a short attention span.
You have very sharp teeth.
Your uncanny sense of smell can sniff out nearby items.
You have sharp fingernails.
You are agile. (Dex +2)
Your natural rate of healing is unusually fast.


Message History

The stone hits the giant cockroach but does no damage.
You claw the giant cockroach!
You kill the giant cockroach!
Lugonu accepts your kill.
A two-headed ogre comes into view. It is wielding two giant clubs.
A worker ant comes into view.
Casting: Blade Hands
Confirm with . or Enter, or press ? or * to list all spells.
Your hands turn into razor-sharp scythe blades.
You are feeling hungry.
The worker ant completely misses you.
You slash the worker ant!
You kill the worker ant!
Lugonu accepts your kill.
Found 12 stones.
You see here a worker ant corpse.
You butcher the worker ant corpse.
q - 3 chunks of flesh Eat one of 3 chunks of flesh? (ye/n/q)
You eat one of the 3 chunks of flesh.
This raw flesh tastes terrible.
Found 8 stones.
k - 223 stones (gained 8)
k - 235 stones (gained 12)
The two-headed ogre shouts in stereo!
A hound comes into view.
The hound barks!
You hit the two-headed ogre but do no damage.
The two-headed ogre hits you with a giant club!
The two-headed ogre misses you.
You completely miss the two-headed ogre.
You slice the two-headed ogre!!
The two-headed ogre is heavily wounded.
The two-headed ogre hits you with a giant club!! x2
* * * LOW HITPOINT WARNING * * *
Okay, then.
Press: ? - help, Shift-Dir - straight line, f - two-headed ogre
Aim: a two-headed ogre, wielding two giant clubs (heavily wounded, chance to defeat MR: 69%)
You fail to use your ability.
The two-headed ogre hits you with a giant club!!
You die...

.#.#####.##.#######.#
..............##..).#
#...#.<....#.##.##.# ##
#########.....##### ###
##....##.##....#####.#
..####...####..##...#
........#..........##.
...####..###..####...#.#
#...hO@..#........##.##
#...####...####...#.##
#.## ##.## #..##.####
###...# ####.#....
####.##.##.# #######
#.#..#.......#
#....#..8..#....
#.....#..#...#..#..
.......#...8...#..


You could see a two-headed ogre and a hound.

Vanquished Creatures
  A centaur warrior (D:6)
  A two-headed ogre (D:8)
  Edmund (D:5)
  Duvessa (D:5)
  A sky beast (D:5)
  An ice beast (D:8)
  An eye of draining (D:6)
  An ogre (D:6)
  A centaur (D:7)
  Blork the orc (D:4)
  A bullfrog (D:6)
  2 scorpions
  Dowan (D:5)
  3 howler monkeys
  2 crimson imps
  An orc wizard (D:5)
  A centaur skeleton (D:7)
  An orc priest (D:5)
  A bullfrog skeleton (D:7)
  Jessica (D:3)
  Terence (D:3)
  4 iguanas
  10 worker ants
  A worker ant zombie (D:6)
  12 gnolls
  A howler monkey skeleton (D:4)
  4 adders
  2 river rats (Sewer)
  2 oozes
  An adder skeleton (D:8)
  An adder zombie (D:5)
  A worm (D:2)
  2 dart slugs
  6 leopard geckos
  12 orcs
  3 giant cockroaches
  5 goblins
  5 hobgoblins
  23 jackals
  9 kobolds
  4 quokkas
  7 ball pythons
  A ball python skeleton (D:4)
  5 bats
  6 frilled lizards
  A jackal zombie (D:5)
  2 quokka skeletons (D:4)
  13 rats
168 creatures vanquished.

Vanquished Creatures (collateral kills)
  A guardian serpent (shapeshifter) (Abyss:2)
  A smoke demon (Abyss:2)
2 creatures vanquished.

Vanquished Creatures (others)
  2 starspawn tentacles (Abyss:2)
2 creatures vanquished.

Grand Total: 172 creatures vanquished

Notes
Turn   | Place    | Note
-------+----------+-------------------------------------------
     0 | Abyss:1  | glosham the Gnoll Abyssal Knight began the quest for the Orb.
     0 | Abyss:1  | Reached XP level 1. HP: 20/20 MP: 3/3
    63 | Abyss:2  | Noticed a large abomination
    77 | Abyss:2  | Found a sacrificial altar of Ru.
    80 | Abyss:2  | Noticed a sixfirhy
   107 | Abyss:2  | Noticed a chaos spawn
   135 | Abyss:2  | Noticed a smoke demon
   140 | Abyss:2  | Killed a smoke demon
   140 | Abyss:2  | Reached skill level 7 in Stealth
   140 | Abyss:2  | Reached XP level 2. HP: 22/26 MP: 4/4
   140 | Abyss:2  | Reached XP level 3. HP: 27/32 MP: 5/5
   140 | Abyss:2  | Reached XP level 4. HP: 33/38 MP: 6/6
   140 | Abyss:2  | Reached XP level 5. HP: 37/43 MP: 7/7
   143 | Abyss:2  | Noticed a guardian serpent
   150 | Abyss:2  | Killed a guardian serpent
   150 | Abyss:2  | Reached skill level 6 in Fighting
   150 | Abyss:2  | Reached skill level 4 in Dodging
   150 | Abyss:2  | Reached XP level 6. HP: 47/52 MP: 8/8
   163 | Abyss:2  | Noticed a starcursed mass
   175 | Abyss:3  | Noticed a chaos spawn
   175 | Abyss:3  | Noticed a chaos spawn
   175 | Abyss:3  | Noticed an ice dragon
   175 | Abyss:3  | Noticed a fire bat
   175 | Abyss:3  | Noticed a chaos spawn
   181 | Abyss:3  | Noticed a spatial maelstrom
   184 | Abyss:3  | Noticed a golden dragon simulacrum
   185 | Abyss:3  | Noticed a spatial vortex
   186 | Abyss:3  | Noticed a rakshasa
   186 | Abyss:3  | Noticed a spatial vortex
   187 | Abyss:3  | Noticed a lich
   187 | Abyss:3  | Noticed a spatial vortex
   188 | Abyss:3  | Noticed a spatial vortex
   189 | Abyss:3  | Noticed a spatial vortex
   189 | Abyss:3  | Noticed an ogre mage
   190 | Abyss:3  | Noticed a fire dragon
   197 | Abyss:3  | Noticed an apocalypse crab
   202 | Abyss:3  | Noticed a thrashing horror
   206 | Abyss:3  | Noticed a thrashing horror
   208 | D:1      | Escaped the Abyss
   363 | D:1      | Reached * piety under Lugonu
  1340 | D:2      | Reached skill level 5 in Dodging
  1396 | D:2      | Reached ** piety under Lugonu
  1518 | D:3      | Noticed Jessica
  1525 | D:3      | Killed Jessica
  1677 | D:3      | Reached XP level 7. HP: 58/59 MP: 9/9
  1798 | D:3      | Reached skill level 1 in Evocations
  1805 | D:3      | Found an ornate altar of the Wu Jian Council.
  1806 | D:3      | Found a sparkling altar of Nemelex Xobeh.
  1835 | D:3      | Noticed Terence
  2168 | D:3      | Killed Terence
  2264 | D:4      | Reached skill level 4 in Invocations
  2282 | D:4      | Reached skill level 7 in Fighting
  2355 | D:4      | Found a glowing drain.
  2360 | Sewer    | Entered a sewer
  2569 | Sewer    | Reached skill level 4 in Unarmed Combat
  2858 | D:4      | Reached *** piety under Lugonu
  2889 | D:4      | Reached skill level 1 in Spellcasting
  2948 | D:4      | Noticed Blork the orc
  2961 | D:4      | Killed Blork the orc
  2961 | D:4      | Reached skill level 3 in Spellcasting
  3009 | D:4      | Reached skill level 4 in Spellcasting
  3119 | D:4      | Learned a level 5 spell: Blade Hands
  3124 | D:4      | Learned a level 4 spell: Ice Form
  3299 | D:5      | Entered Level 5 of the Dungeon
  3301 | D:5      | Noticed Dowan
  3304 | D:5      | Noticed Duvessa
  3326 | D:5      | Killed Dowan
  3326 | D:5      | Reached skill level 2 in Transmutations
  3345 | D:5      | Gained mutation: Your natural rate of healing is unusually fast. [potion of mutation]
  3345 | D:5      | Gained mutation: You are agile. (Dex +2) [potion of mutation]
  3345 | D:5      | Gained mutation: You have sharp fingernails. [potion of mutation]
  3347 | D:5      | HP: 4/60 [Duvessa/rapier (10)]
  3352 | D:5      | Killed Duvessa
  3352 | D:5      | Reached skill level 4 in Transmutations
  3352 | D:5      | Reached XP level 8. HP: 2/67 MP: 3/14
  3395 | D:5      | Reached skill level 6 in Transmutations
  3443 | D:5      | Noticed Edmund
  3538 | D:5      | Reached skill level 5 in Spellcasting
  3720 | D:5      | Killed Edmund
  3720 | D:5      | Reached skill level 6 in Spellcasting
  3720 | D:5      | Reached skill level 7 in Transmutations
  4448 | D:6      | Found Litaonuth's Armour Shoppe.
  4485 | D:6      | Found a staircase to the Ecumenical Temple.
  4574 | D:6      | Found a stormy altar of Qazlal.
  4576 | D:6      | Found a shadowy altar of Dithmenos.
  4576 | D:6      | Noticed a centaur warrior
  4588 | D:6      | Reached skill level 7 in Spellcasting
  4625 | D:6      | Killed a centaur warrior
  4625 | D:6      | Reached skill level 8 in Spellcasting
  4625 | D:6      | Reached skill level 8 in Transmutations
  4625 | D:6      | Reached XP level 9. HP: 37/72 MP: 7/21
  4627 | D:6      | Reached skill level 5 in Unarmed Combat
  4632 | D:6      | Reached **** piety under Lugonu
  4632 | D:6      | Reached skill level 6 in Unarmed Combat
  4853 | D:7      | Learned a level 3 spell: Regeneration
  4857 | D:7      | Learned a level 3 spell: Vampiric Draining
  4862 | D:7      | Learned a level 4 spell: Control Undead
  4885 | D:7      | Reached skill level 1 in Necromancy
  4912 | D:7      | Reached skill level 1 in Charms
  4917 | D:7      | Found a hazy altar of Hepliaklqana.
  5020 | D:7      | Reached skill level 2 in Charms
  5020 | D:7      | Reached skill level 2 in Necromancy
  5325 | D:8      | Noticed a two-headed ogre
  5331 | D:8      | Killed a two-headed ogre
  5331 | D:8      | Reached skill level 5 in Charms
  5331 | D:8      | Reached skill level 6 in Necromancy
  5331 | D:8      | Reached XP level 10. HP: 49/79 MP: 13/22
  5367 | D:8      | Reached skill level 7 in Unarmed Combat
  5432 | D:8      | Found a shattered altar of Ashenzari.
  5494 | D:8      | Noticed a two-headed ogre
  5529 | D:8      | Demolished by a two-headed ogre

Vault maps used:
D:1:      kennysheep_arrival_seaside, serial_bayou_lake_a
D:2:      kennysheep_generic_room_8
D:3:      gammafunk_temple_overflow_statue, first_bread, uniq_jessica,
          uniq_terence
D:4:      portal_sewer_entry_e, uniq_blork_the_orc
D:5:      uniq_duvessa, uniq_edmund
D:6:      gammafunk_temple_overflow_arena, minmay_temple_entry_junction_2,
          serial_glass, glass_columns_b, glass_columns_b, glass_columns_a,
          glass_columns_a, glass_columns_b, glass_columns_b, serial_shops,
          nicolae_shop_trees
D:7:      lemuel_crystal_altar
D:8:      wad_crossroads, ashenzari_conservatory_becter, basic_altar
Abyss:3:  due_evilmike_abyss_rune_seething_liches
Sewer:    sewer_co_cracked_pipes

Skill      XL: |  1  2  3  4  5  6  7  8  9 10 |
---------------+-------------------------------+-----
Stealth        | 7 |  7.0
Fighting       | 6 7 |  7.0
Dodging        | 4 5 |  5.9
Evocations     | 1 |  1.6
Invocations    | 4 |  4.0
Unarmed Combat | 4 6 7 |  7.4
Spellcasting   | 4 8 |  8.2
Transmutations | 4 8 |  8.6
Necromancy     | 6 |  6.0
Charms         | 5 |  5.9
Armour         | |  3.2

Action                   |  1- 3 |  4- 6 |  7- 9 | 10-12 || total
-------------------------+-------+-------+-------+-------++-------
Melee: Unarmed           |       |   226 |   467 |    11 ||   704
       Bite              |       |    16 |    36 |       ||    52
       Punch             |       |     3 |     7 |     1 ||    11
Throw: Stone             |       |    17 |    23 |     1 ||    41
       Throwing net      |       |       |     2 |       ||     2
 Cast: Blade Hands       |       |       |    15 |     2 ||    17
Invok: Depart the Abyss  |       |     1 |       |       ||     1
Evoke: Wand              |       |     1 |    16 |       ||    17
  Use: Scroll            |     4 |     3 |    11 |       ||    18
       Potion            |     2 |       |     5 |       ||     7
 Stab: Sleeping          |       |    19 |    17 |       ||    36
       Paralysed         |       |       |    16 |       ||    16
  Eat: Chunk             |       |     3 |    16 |     3 ||    22
Armor: Leather armour    |       |    45 |    49 |       ||    94
       Robe              |       |       |     8 |       ||     8
Dodge: Dodged            |       |   146 |   291 |     4 ||   441

Table legend:
 A = Turns spent in this place as a percentage of turns spent in the entire game.
 B = Non-inter-level travel turns spent in this place as a percentage of non-inter-level travel turns spent in the entire game.
 C = Inter-level travel turns spent in this place as a percentage of turns spent in this place.
 D = Turns resting spent in this place as a percentage of non-inter-level travel turns spent in this place.
 E = Turns spent auto-exploring this place as a percentage of non-inter-level travel turns spent in this place.
 F = Non-inter-level travel turns spent in this place divided by the number of levels of this place that you've seen.
                   A       B       C       D       E      F
               +-------+-------+-------+-------+-------+----------------------
         Total | 100.0 | 100.0 |   0.6 |   0.3 |   0.4 | 344.5
       Dungeon |  87.6 |  87.5 |   0.7 |   0.3 |   0.4 | 452.1
         Abyss |   5.3 |   5.3 |   0.0 |   0.0 |   0.0 |  73.7
         Sewer |   7.1 |   7.2 |   0.0 |   0.0 |   0.0 | 296.0
               +-------+-------+-------+-------+-------+----------------------

Table legend:
 A = Kills in this place as a percentage of kills in entire the game.
 B = Kills by you in this place as a percentage of kills by you in the entire game.
 C = Kills by friends in this place as a percentage of kills by friends in the entire game.
 D = Other kills in this place as a percentage of other kills in the entire game.
 E = Experience gained in this place as a percentage of experience gained in the entire game.
 F = Experience gained in this place divided by the number of levels of this place that you have seen.
                   A       B       C       D       E      F
               +-------+-------+-------+-------+-------+----------------------
         Total | 100.0 | 100.0 | 100.0 |  -nan | 100.0 | 418.4
       Dungeon |  87.6 |  88.7 |   0.0 |  -nan |  90.6 | 568.8
         Abyss |   1.2 |   0.0 | 100.0 |  -nan |   8.5 | 142.0
         Sewer |  11.2 |  11.3 |   0.0 |  -nan |   0.9 |  45.0
               +-------+-------+-------+-------+-------+----------------------

Vault maps used:
D:1:      kennysheep_arrival_seaside, serial_bayou_lake_a
D:2:      kennysheep_generic_room_8
D:3:      gammafunk_temple_overflow_statue, first_bread, uniq_jessica,
          uniq_terence
D:4:      portal_sewer_entry_e, uniq_blork_the_orc
D:5:      uniq_duvessa, uniq_edmund
D:6:      gammafunk_temple_overflow_arena, minmay_temple_entry_junction_2,
          serial_glass, glass_columns_b, glass_columns_b, glass_columns_a,
          glass_columns_a, glass_columns_b, glass_columns_b, serial_shops,
          nicolae_shop_trees
D:7:      lemuel_crystal_altar
D:8:      wad_crossroads, ashenzari_conservatory_becter, basic_altar
Abyss:3:  due_evilmike_abyss_rune_seething_liches
Sewer:    sewer_co_cracked_pipes
